 Dungeon Crawl Stone Soup version 0.14.2 (webtiles) character file.

24879 Amnesiac the Fetichist (level 12, -5/59 HPs)
             Began as a Spriggan Artificer on Feb 10, 2018.
             Was the Champion of Nemelex Xobeh.
             Killed from afar by a frost giant (52 damage)
             ... with a bolt of cold
             ... in an ice cave.
             The game lasted 00:55:25 (17130 turns).

Amnesiac the Fetichist (Spriggan Artificer)        Turns: 17130, Time: 00:55:25

HP  -5/59        AC  6     Str 11      XL: 12   Next: 82%
MP  32/33        EV 41     Int 14      God: Nemelex Xobeh [******]
Gold 276         SH 24     Dex 26      Spells:  3 memorised,  2 levels left

rFire  . . .     SeeInvis +     a - +3,+5 dagger (speed)
rCold  . . .     Clarity  .     e - +0 robe
rNeg   . . .     Conserve +     m - +1 buckler
rPois  .         rCorr    .     (helmet restricted)
rElec  .         rRot     .     h - +1 cloak
SustAb . .       Spirit   .     (gloves unavailable)
rMut   .         Warding  .     (boots unavailable)
Saprov . . .     Stasis   .     s - amulet of conservation
MR     ++...                    g - +5,+5 ring of slaying
                                r - cursed +6 ring of evasion

@: agile, very quick, very resistant to hostile enchantments, extraordinarily
stealthy
A: unfitting armour, large bone plates 1, thin skeletal structure 1, see
invisible, agile 1, herbivore 3, speed 3, slow metabolism 2
a: Draw One, Peek at Two, Triple Draw, Deal Four, Stack Five, Renounce Religion


You were in an ice cave.
You worshipped Nemelex Xobeh.
Nemelex Xobeh was exalted by your worship.
You were not hungry.

You visited 2 branches of the dungeon, and saw 12 of its levels.
You also visited: Ice Cave.

You collected 637 gold pieces.
You spent 361 gold pieces at shops.

Inventory:

Hand weapons
 a - a +3,+5 dagger of speed (weapon)
 b - a +3 blowgun
Missiles
 d - 17 darts of dispersal (quivered)
 n - 122 poisoned needles
Armour
 e - a +0 robe (worn)
 h - a +1 cloak (worn)
 m - a +1 buckler (worn)
Magical devices
 c - a wand of enslavement (8)
 u - a wand of paralysis (5)
 v - a wand of enslavement (13)
 D - a wand of digging (7)
 E - a wand of paralysis (15)
 F - a wand of disintegration (11)
 H - a wand of invisibility (2)
 U - a wand of paralysis (13)
Comestibles
 l - 7 bread rations
Scrolls
 f - 5 scrolls of teleportation {!r}
 t - 4 scrolls of remove curse {!r}
 M - a scroll of enchant armour {!r}
 N - 2 scrolls of fog {!r}
 O - a scroll of vulnerability {!r}
Jewellery
 g - a +5,+5 ring of slaying (right hand)
 r - a cursed +6 ring of evasion (left hand)
 s - an amulet of conservation (around neck)
 w - an uncursed amulet of rage
Potions
 j - a potion of heal wounds {!q}
 o - a potion of magic {!q, unknown}
 p - 8 potions of curing {!q}
 I - a potion of invisibility {!q}
 P - a potion of flight {!q}
 Q - a potion of brilliance {!q}
Miscellaneous
 k - a legendary deck of summonings {drawn: 1}
 q - an ornate deck of escape {drawn: 1}
 x - a lantern of shadows
 y - an ornate deck of escape {drawn: 1}
 z - a legendary deck of summonings {drawn: 2}
 A - a plain deck of escape {drawn: 1}
 B - an ornate deck of destruction
 C - an ornate deck of summonings {drawn: 5}
 G - a plain deck of destruction {drawn: 3}
 J - a plain deck of escape {drawn: 1}


   Skills:
 + Level 4.9 Fighting
 - Level 10.0 Short Blades
 + Level 9.4 Dodging
 - Level 10.0 Stealth
 - Level 9.7 Shields
 * Level 17.8 Evocations


You had 2 spell levels left.
You knew the following spells:

 Your Spells              Type           Power        Failure   Level  Hunger
a - Stoneskin             Trmt/Erth      #.........   43%         2    ###....
b - Enslavement           Hex            #.......     100%        4    #####..
r - Regeneration          Chrm/Necr      #.........   83%         3    ####...


Dungeon Overview and Level Annotations

Branches:
Dungeon (11/15)            Temple (1/1) D:7
    Orc: D:9-12        Lair: D:8-11

Altars:
Ashenzari
Cheibriados
Dithmenos
Elyvilon
Fedhas
Kikubaaqudgha
Makhleb
Nemelex Xobeh
Okawaru
Sif Muna
Trog
Vehumet
Xom
Yredelemnul
Zin
The Shining One

Shops:
D:4 :**=!

Annotations:
D:5 exclusion: giant eyeball
D:11 exclusion: ice statue


Innate Abilities, Weirdness & Mutations

You are tiny and cannot use many weapons and most armour.
You have supernaturally acute eyesight.
You are a herbivore.
You cover ground extremely quickly.
You need consume almost no food.
You are partially covered in large bone plates (AC +2, SH +2).
You have a somewhat thin skeletal structure (Dex +2, Stealth).
You are agile. (Dex +2)


Message History

Unknown command.
Press: ? - help, v - describe, . - travel, g - get item
Here: a frost giant, wielding a battleaxe of freezing (hasn't noticed you)
A yak corpse.
There is something else lying underneath.
The floor, spattered with blood.
Unknown command.
Unknown command.
Evoke which item? (* to show all) (? for menu, Esc to quit)
Okay, then.
Unknown command.
Evoke which item? (* to show all) (? for menu, Esc to quit)
Okay, then.
Drink which item? (? for menu, Esc to quit)
Okay, then.
Drink which item? (? for menu, Esc to quit)
Really quaff
i - a potion of agility {!q}?
You feel agile all of a sudden.
Evoke which item? (* to show all) (? for menu, Esc to quit)
Zapping:
U - a wand of paralysis
Press: ? - help, Shift-Dir - straight line, f - frost giant
Aim: a frost giant, wielding a battleaxe of freezing (hasn't noticed you)
The frost giant resists with almost no effort.
You hit the frost giant.
The frost giant is lightly wounded.
You hit the frost giant.
The frost giant is lightly wounded.
The frost giant hits you with a battleaxe of freezing.
The frost giant freezes you.
Use which ability? (? or * to list) Draw from which deck? (? for menu, Esc to quit)
You draw a card...
It is Foxfire.
You swap places.
The frost giant hits your vampire mosquito with a battleaxe of freezing.
The frost giant freezes your vampire mosquito.
The frost giant hits your vampire mosquito with a battleaxe of freezing!
The frost giant freezes your vampire mosquito.
You swap places.
Your vampire mosquito draws strength from the frost giant's injuries!
What do you say? t - Shout!
Orders for allies: a - Attack new target. p - Attack previous target. r - Retreat! s - Stop attacking. w - Wait here. f - Follow me.
Anything else - Stay silent.
Gang up on whom?
Press: ? - help, Dir - move target cursor, f/p - frost giant
Aim: a frost giant, wielding a battleaxe of freezing (lightly wounded) Attack!
The frost giant hits your vampire mosquito with a battleaxe of freezing!
The frost giant freezes your vampire mosquito.
The frost giant hits your vampire mosquito with a battleaxe of freezing!
The frost giant freezes your vampire mosquito!
Your vampire mosquito is destroyed!
Your vampire mosquito's corpse disappears in a puff of smoke!
Your vampire mosquito draws strength from the frost giant's injuries! x2
The frost giant gestures at you while chanting.
The bolt of cold hits your vampire mosquito.
Your vampire mosquito is destroyed!
Your vampire mosquito's corpse disappears in a puff of smoke!
The bolt of cold hits you!
Ouch! That really hurt!
You die...
Your body glows with a rainbow of weird colours and disappears.

##########
#.C.##y.@####### #
#U..##yC§##...#..#
##≈
#YY.U##########..#
#######≈≈ #.Y.YU#
#..#####.≈≈#≈≈≈#
#..CU#
##..##..≈#≈≈≈≈##
##.U
###...##≈≈≈#≈≈# ##
#####≈≈≈####≈
#≈≈#≈≈≈≈ ##
≈≈≈≈≈≈≈≈≈###


You could see a frost giant, a vampire mosquito and a friendly vampire mosquito.

Vanquished Creatures
  The ghost of Amnesiac the Prestidigitator, an experienced SpAr of Nemelex Xobeh (D:9)
  3 death yaks (IceCv)
  An ice statue (IceCv)
  A hill giant (D:11)
  A gargoyle (D:10)
  A hydra skeleton (D:9)
  12 polar bears (IceCv)
  2 deep elf magi
  A wyvern (D:9)
  A hippogriff (D:8)
  A hungry ghost (D:10)
  Eustachio (D:4)
  A human (D:8)
  4 ugly things (D:11)
  8 wolves (IceCv)
  Edmund (D:6)
  20 yaks
  4 ice beasts
  A soldier ant (D:10)
  2 necrophages
  3 ogres
  4 sky beasts
  A giant goldfish (D:9)
  An orc warrior (D:7)
  7 centaurs
  A manticore skeleton (D:11)
  A phantom (D:9)
  Sigmund (D:2)
  2 giant frogs
  6 big kobolds
  3 scorpions
  13 killer bees
  A yak skeleton (D:8)
  3 wights (D:11)
  2 electric eels (D:9)
  A troll skeleton (D:11)
  3 goliath beetles
  2 jellies
  2 big fish (D:9)
  A giant frog zombie (D:10)
  4 crimson imps
  A gnoll shaman (D:9)
  4 hounds
  9 orc priests
  A two-headed ogre zombie (D:9)
  10 worker ants
  6 orc wizards
  3 iguanas
  A sky beast zombie (D:11)
  Ijyb (D:2)
  Jessica (D:3)
  A hound zombie (D:7)
  Terence (D:3)
  A hound skeleton (D:4)
  A mummy (D:11)
  15 gnolls
  13 adders
  3 shadow imps
  A white imp (D:5)
  2 giant mites (D:4)
  4 green rats (D:6)
  4 worms
  A giant eyeball (D:6)
  3 giant geckos
  2 oozes
  46 orcs
  10 bats
  A bat skeleton (D:6)
  42 goblins
  35 hobgoblins
  36 kobolds
  6 quokkas
  A giant cockroach (D:4)
  6 giant newts
  11 jackals
  An orc skeleton (D:6)
  46 rats
  A rat skeleton (D:4)
  7 ballistomycetes (D:9)
  A plant (D:9)
468 creatures vanquished.

Vanquished Creatures (collateral kills)
  2 death yaks (IceCv)
  A grizzly bear (IceCv)
  A yak (IceCv)
  A killer bee (D:5)
  A mummy (D:10)
6 creatures vanquished.

Vanquished Creatures (others)
  A skeletal warrior (IceCv)
  4 vapours (IceCv)
  A ynoxinul (IceCv)
  A yak (IceCv)
  2 vampire mosquitoes (IceCv)
  An ugly thing (IceCv)
  A hippogriff (IceCv)
  4 wolves (IceCv)
  A black bear (IceCv)
  A boring beetle (IceCv)
  A hound (D:9)
  2 orange rats (IceCv)
  2 giant spores (D:9)
  A ballistomycete (D:9)
23 creatures vanquished.

Grand Total: 497 creatures vanquished

Notes
Turn   | Place    | Note
--------------------------------------------------------------
     0 | D:1      | Amnesiac, the Spriggan Artificer, began the quest for the Orb.
     0 | D:1      | Reached XP level 1. HP: 9/9 MP: 2/2
   111 | D:2      | Noticed Ijyb
   143 | D:2      | Killed Ijyb
   143 | D:2      | Reached skill level 1 in Fighting
   143 | D:2      | Reached XP level 2. HP: 12/14 MP: 5/5
   278 | D:4      | Reached XP level 3. HP: 18/18 MP: 8/8
   282 | D:4      | Reached XP level 4. HP: 22/22 MP: 11/11
   572 | D:4      | Found Gasoipucs' Jewellery Emporium.
   775 | D:4      | Reached XP level 5. HP: 23/25 MP: 13/13
   796 | D:4      | Found Setuiwob's Distillery.
   913 | D:4      | Noticed Eustachio
   990 | D:4      | Reached skill level 5 in Evocations
  1588 | D:4      | Reached XP level 6. HP: 16/30 MP: 17/17
  1779 | D:4      | Found Vew Xuti's Book Shop.
  1781 | D:4      | Reached skill level 6 in Evocations
  1847 | D:4      | Found Ghukam's Assorted Antiques.
  1983 | D:4      | Bought a scroll labeled SIEHIARGHO for 19 gold pieces
  1983 | D:4      | Bought a scroll labeled EQUFU RUJUI for 19 gold pieces
  1989 | D:4      | Noticed an ogre
  2210 | D:4      | Reached skill level 5 in Dodging
  2254 | D:5      | Entered Level 5 of the Dungeon
  2370 | D:5      | Found a radiant altar of Vehumet.
  2373 | D:5      | Found a shimmering altar of Xom.
  2378 | D:5      | Found a glowing golden altar of the Shining One.
  2419 | D:5      | Reached skill level 7 in Evocations
  2419 | D:5      | Reached XP level 7. HP: 35/35 MP: 20/20
  2729 | D:5      | Reached skill level 8 in Evocations
  3249 | D:6      | Reached skill level 9 in Evocations
  3509 | D:4      | Bought a scroll labeled DUV SIAHODDER for 19 gold pieces
  3509 | D:4      | Bought a scroll labeled THINAULLYKK for 19 gold pieces
  3509 | D:4      | Bought a scroll labeled TAQE JOIPRU for 19 gold pieces
  3713 | D:4      | Bought a pink potion for 17 gold pieces
  3898 | D:6      | Found a basalt altar of Yredelemnul.
  4072 | D:7      | Reached skill level 1 in Shields
  4072 | D:7      | Reached XP level 8. HP: 40/40 MP: 23/23
  4961 | D:7      | Found a staircase to the Ecumenical Temple.
  5119 | Temple   | Entered the Ecumenical Temple
  5152 | Temple   | Became a worshipper of Nemelex Xobeh the Trickster
  5268 | D:4      | Killed an ogre
  5278 | D:4      | Killed Eustachio
  5301 | D:4      | Received a gift from Nemelex Xobeh
  5719 | D:1      | Acquired Nemelex Xobeh's first power
  6327 | D:2      | Noticed Sigmund
  6340 | D:2      | Killed Sigmund
  6340 | D:2      | Reached skill level 5 in Shields
  6517 | D:2      | Acquired Nemelex Xobeh's second power
  6517 | D:2      | Received a gift from Nemelex Xobeh
  7231 | D:3      | Found a burning altar of Makhleb.
  7393 | D:3      | Noticed Jessica
  7399 | D:3      | Killed Jessica
  7433 | D:3      | Noticed Terence
  7435 | D:3      | Killed Terence
  7801 | D:3      | Reached XP level 9. HP: 35/44 MP: 25/25
  7862 | D:3      | Acquired Nemelex Xobeh's third power
  7862 | D:3      | Received a gift from Nemelex Xobeh
  8163 | D:3      | Noticed a big kobold
  8163 | D:3      | Noticed a big kobold
  8163 | D:3      | Noticed a big kobold
  8170 | D:3      | Killed a big kobold
  8174 | D:3      | Killed a big kobold
  8179 | D:3      | Killed a big kobold
  8544 | D:4      | Acquired Nemelex Xobeh's fourth power
  8544 | D:4      | Received a gift from Nemelex Xobeh
  8716 | D:4      | Found Doafrez's General Store.
  8725 | D:4      | Bought a potion of strong poison for 22 gold pieces
  8785 | D:4      | Bought a potion of flight for 42 gold pieces
  8785 | D:4      | Bought a potion of brilliance for 35 gold pieces
  8785 | D:4      | Bought a potion of berserk rage for 42 gold pieces
  8841 | D:4      | Bought a cursed ring of hunger for 26 gold pieces
  9292 | D:5      | Paralysed by a giant eyeball for 4 turns
  9305 | D:5      | Paralysed by a giant eyeball for 2 turns
  9612 | D:5      | Found a glowing silver altar of Zin.
  9818 | D:6      | Noticed Edmund
  9857 | D:6      | Killed Edmund
 10520 | D:7      | Received a gift from Nemelex Xobeh
 11032 | D:8      | Received a gift from Nemelex Xobeh
 11120 | D:8      | Gained mutation: You are agile. (Dex +2) [potion of mutation]
 11257 | D:4      | Bought a scroll of enchant weapon I for 38 gold pieces
 11258 | D:4      | Bought a scroll of identify for 22 gold pieces
 11258 | D:4      | Bought a scroll of identify for 22 gold pieces
 11446 | D:8      | Learned a level 2 spell: Stoneskin
 11618 | D:8      | Learned a level 3 spell: Regeneration
 12214 | D:9      | Acquired Nemelex Xobeh's fifth power
 12518 | D:9      | Reached XP level 10. HP: 41/49 MP: 26/26
 12551 | D:9      | Noticed Amnesiac's ghost (experienced SpAr)
 12562 | D:9      | Killed Amnesiac's ghost
 13211 | D:9      | Reached skill level 10 in Evocations
 13266 | D:9      | Found a sparkling altar of Nemelex Xobeh.
 13622 | D:10     | Entered Level 10 of the Dungeon
 13700 | D:10     | Received a gift from Nemelex Xobeh
 14156 | D:10     | Reached skill level 5 in Short Blades
 14681 | D:10     | Reached skill level 11 in Evocations
 14691 | D:10     | Reached skill level 17 in Evocations
 14691 | D:10     | Reached XP level 11. HP: 54/54 MP: 28/32
 14692 | D:10     | Gained mutation: You are partially covered in large bone plates (AC +2, SH +2). [helix card]
 14692 | D:10     | Received a gift from Nemelex Xobeh
 14695 | D:10     | Paralysed by a card of wild magic for 4 turns
 14703 | D:10     | Gained mutation: You have a somewhat thin skeletal structure (Dex +2, Stealth). [helix card]
 14719 | D:10     | Received a gift from Nemelex Xobeh
 15088 | D:11     | Reached skill level 10 in Short Blades
 15202 | D:11     | Learned a level 4 spell: Enslavement
 15263 | D:11     | Noticed a hill giant
 15302 | D:11     | Killed a hill giant
 15302 | D:11     | Reached skill level 5 in Stealth
 15302 | D:11     | Reached XP level 12. HP: 58/58 MP: 33/33
 15373 | D:11     | Received a gift from Nemelex Xobeh
 15576 | D:11     | Received a gift from Nemelex Xobeh
 15591 | D:11     | Found a frozen archway.
 15591 | D:11     | Noticed an ice statue
 15604 | IceCv    | Entered an ice cave
 16151 | IceCv    | Received a gift from Nemelex Xobeh
 16183 | IceCv    | Received a gift from Nemelex Xobeh
 16454 | IceCv    | Reached skill level 10 in Stealth
 16488 | IceCv    | Received a gift from Nemelex Xobeh
 16863 | IceCv    | Noticed a frost giant
 17067 | IceCv    | Received a gift from Nemelex Xobeh
 17130 | IceCv    | Killed from afar by a frost giant

Action                   |  1- 3 |  4- 6 |  7- 9 | 10-12 || total
-------------------------+-------+-------+-------+-------++-------
Melee: Short sword       |     4 |       |       |       ||     4
       Dagger            |     8 |   296 |   660 |   814 ||  1778
       Cutlass           |       |       |   190 |       ||   190
 Fire: Blowgun           |       |       |    12 |     8 ||    20
Throw: Dart              |       |       |     1 |       ||     1
Invok: Draw One          |       |       |       |     7 ||     7
Evoke: Wand              |    18 |    16 |    22 |    22 ||    78
       Deck              |       |       |       |    51 ||    51
  Use: Scroll            |       |     3 |    19 |     3 ||    25
       Potion            |       |     1 |     2 |     4 ||     7
 Stab: Sleeping          |       |     4 |    25 |     3 ||    32
       Paralysed         |       |       |     6 |     2 ||     8
       Distracted        |       |       |     2 |     2 ||     4
       Fleeing           |       |       |       |     5 ||     5
